TOP OF THE 1ST |
Northern Virginia Retrievers batting - Pitching for Lone Star BC : RHP Bill Kelly
|
Pitching: RHP Bill Kelly
|
|
Batting: LHB Ye Der
|
0-0: Ball 1-0: Swinging Strike 1-1: Ball 2-1: Swinging Strike 2-2: Strikes out swinging
|
Batting: RHB Shi-young Chang
|
0-0: Ball 1-0: Ball 2-0: Ball 3-0: Base on Balls
|
Batting: RHB Enrique Echevarría
|
0-0: Ball 1-0: Swinging Strike 1-1: Ball 2-1: Called Strike 2-2: Ball 3-2: Foul Ball, location: 2F 3-2: Foul Ball, location: 2F 3-2: Foul Ball, location: 2F 3-2: SINGLE (Groundball, 56D) Shi-young Chang to second
|
Batting: RHB Manuel Romo
|
0-0: Called Strike 0-1: Ball 1-1: Foul Ball, location: 2F 1-2: Fly out, F7 (Flyball, 78D)
|
Batting: RHB Ben Ross
|
0-0: Ground out 5-3 (Groundball, 56S)
|
Top of the 1st over - 0 run(s), 1 hit(s), 0 error(s), 2 left on base; Northern Virginia 0 - Lone Star 0 |
BOTTOM OF THE 1ST |
Lone Star BC batting - Pitching for Northern Virginia Retrievers : LHP Javier Tares
|
Pitching: LHP Javier Tares
|
|
Batting: LHB Ray Merrill
|
0-0: Called Strike 0-1: Ball 1-1: Foul Ball, location: 2F 1-2: Ball 2-2: Ball 3-2: SINGLE (Groundball, 4M)
|
Batting: RHB Elvis Larson
|
0-0: Ball 1-0: Swinging Strike 1-1: Foul Ball, location: 2F 1-2: Grounds into double play, 6-4-3 (Groundball, 6M)
|
Batting: RHB Toshitsugu Sakamoto
|
0-0: Ball 1-0: Foul Ball, location: 2F 1-1: Foul Ball, location: 2F 1-2: Ground out 1-3 (Groundball, 15)
|
Bottom of the 1st over - 0 run(s), 1 hit(s), 0 error(s), 0 left on base; Northern Virginia 0 - Lone Star 0 |
TOP OF THE 2ND |
Northern Virginia Retrievers batting - Pitching for Lone Star BC : RHP Bill Kelly
|
Batting: RHB Casey Washington
|
0-0: Called Strike 0-1: Ball 1-1: Ball 2-1: Foul Ball, location: 2F 2-2: Ball 3-2: Ground out 6-3 (Groundball, 6M)
|
Batting: LHB Harlan Price
|
0-0: Ball 1-0: Called Strike 1-1: Ball 2-1: SINGLE (Line Drive, 34)
|
Batting: RHB Donald Stanley
|
0-0: Ball 1-0: Ball 2-0: Ball 3-0: Base on Balls Harlan Price to second
|
Batting: LHB Javier Tares
|
0-0: Sac Bunt - play at third, runner OUT! 1-5 Donald Stanley to second
|
Batting: LHB Ye Der
|
0-0: SINGLE (Line Drive, 8LS) Donald Stanley to third Javier Tares to second Runner from 3rd tries for Home, SAFE, no throw or cutoff
|
Batting: RHB Shi-young Chang
|
0-0: Ball 1-0: Called Strike 1-1: Ball 2-1: Foul Ball, location: 2F 2-2: Ball 3-2: Base on Balls Javier Tares to third Ye Der to second
|
Batting: RHB Enrique Echevarría
|
0-0: Ball 1-0: Swinging Strike 1-1: Fly out, F8 (Flyball, 8RXD)
|
Top of the 2nd over - 1 run(s), 2 hit(s), 0 error(s), 3 left on base; Northern Virginia 1 - Lone Star 0 |
BOTTOM OF THE 2ND |
Lone Star BC batting - Pitching for Northern Virginia Retrievers : LHP Javier Tares
|
Batting: SHB Matt Morris
|
0-0: Called Strike 0-1: Swinging Strike 0-2: Foul Ball, location: 2F 0-2: Ball 1-2: Ball 2-2: DOUBLE (Flyball, 89D)
|
Batting: RHB José Rodríguez
|
0-0: Swinging Strike 0-1: Called Strike 0-2: Strikes out looking
|
Batting: RHB Henry Potts
|
0-0: Ball 1-0: Called Strike 1-1: Ball 2-1: Ball 3-1: Base on Balls
|
Batting: LHB Jeff Sharp
|
0-0: Swinging Strike 0-1: Swinging Strike 0-2: Fielders Choice at 2nd, 4-6 (Groundball, 4M) Matt Morris to third
|
Batting: RHB Thomas Dunlap
|
0-0: Fly out, F8 (Flyball, 8LM)
|
Bottom of the 2nd over - 0 run(s), 1 hit(s), 0 error(s), 2 left on base; Northern Virginia 1 - Lone Star 0 |
TOP OF THE 3RD |
Northern Virginia Retrievers batting - Pitching for Lone Star BC : RHP Bill Kelly
|
Batting: RHB Manuel Romo
|
0-0: Swinging Strike 0-1: Swinging Strike 0-2: Foul Ball, location: 2F 0-2: Ball 1-2: Ball 2-2: Ball 3-2: Foul Ball, location: 2F 3-2: SINGLE (Line Drive, 4M)
|
Batting: RHB Ben Ross
|
0-0: Ball 1-0: Grounds into double play, 5-4-3 (Groundball, 56)
|
Batting: RHB Casey Washington
|
0-0: Ball 1-0: Ball 2-0: Ground out 5-3 (Groundball, 56)
|
Top of the 3rd over - 0 run(s), 1 hit(s), 0 error(s), 0 left on base; Northern Virginia 1 - Lone Star 0 |
BOTTOM OF THE 3RD |
Lone Star BC batting - Pitching for Northern Virginia Retrievers : LHP Javier Tares
|
Batting: RHB Bill Kelly
|
0-0: Called Strike 0-1: Foul Ball, location: 2F 0-2: Ball 1-2: SINGLE (Line Drive, 4M)
|
Batting: LHB Ray Merrill
|
0-0: Ball 1-0: Ball 2-0: Ball 3-0: Called Strike 3-1: Grounds into double play, 4-6-3 (Groundball, 4)
|
Batting: RHB Elvis Larson
|
0-0: Foul Ball, location: 2F 0-1: Ball 1-1: Called Strike 1-2: Strikes out swinging
|
Bottom of the 3rd over - 0 run(s), 1 hit(s), 0 error(s), 0 left on base; Northern Virginia 1 - Lone Star 0 |
TOP OF THE 4TH |
Northern Virginia Retrievers batting - Pitching for Lone Star BC : RHP Bill Kelly
|
Batting: LHB Harlan Price
|
0-0: Called Strike 0-1: SINGLE (Groundball, 25) (infield hit)
|
Batting: RHB Donald Stanley
|
0-0: Fly out, F7 (Line Drive, 7S)
|
Batting: LHB Javier Tares
|
0-0: Bunt - Flyout! F1
|
Batting: LHB Ye Der
|
0-0: Ball 1-0: Swinging Strike 1-1: Ball 2-1: SINGLE (Groundball, 6MD) Harlan Price to second Runner from 2nd tries for 3rd, SAFE, throw made to third
|
Batting: RHB Shi-young Chang
|
0-0: Called Strike 0-1: Swinging Strike 0-2: Strikes out looking
|
Top of the 4th over - 0 run(s), 2 hit(s), 0 error(s), 2 left on base; Northern Virginia 1 - Lone Star 0 |
BOTTOM OF THE 4TH |
Lone Star BC batting - Pitching for Northern Virginia Retrievers : LHP Javier Tares
|
Batting: RHB Toshitsugu Sakamoto
|
0-0: Ball 1-0: Called Strike 1-1: Foul Ball, location: 2F 1-2: Strikes out swinging
|
Batting: SHB Matt Morris
|
0-0: Foul Ball, location: 2F 0-1: Foul Ball, location: 2F 0-2: Foul Ball, location: 2F 0-2: Ball 1-2: Foul Ball, location: 2F 1-2: Strikes out swinging
|
Batting: RHB José Rodríguez
|
0-0: Ball 1-0: Foul Ball, location: 2F 1-1: Called Strike 1-2: Ball 2-2: Foul Ball, location: 2F 2-2: Ball 3-2: Base on Balls
|
Batting: RHB Henry Potts
|
0-0: DOUBLE (Groundball, 3L) José Rodríguez to third
|
Batting: LHB Jeff Sharp
|
0-0: Ball 1-0: SINGLE (Line Drive, 89S) José Rodríguez scores Henry Potts to third Runner from 3rd tries for Home, SAFE, no throw or cutoff
|
Batting: RHB Thomas Dunlap
|
0-0: Ball 1-0: Swinging Strike 1-1: Called Strike 1-2: Ball 2-2: Foul Ball, location: 2F 2-2: Strikes out swinging
|
Bottom of the 4th over - 2 run(s), 2 hit(s), 0 error(s), 1 left on base; Northern Virginia 1 - Lone Star 2 |
TOP OF THE 5TH |
Northern Virginia Retrievers batting - Pitching for Lone Star BC : RHP Bill Kelly
|
Batting: RHB Enrique Echevarría
|
0-0: Ball 1-0: Ball 2-0: Swinging Strike 2-1: Swinging Strike 2-2: Ball 3-2: Strikes out swinging
|
Batting: RHB Manuel Romo
|
0-0: Foul Ball, location: 2F 0-1: Foul Ball, location: 2F 0-2: Strikes out swinging
|
Batting: RHB Ben Ross
|
0-0: Ball 1-0: Foul Ball, location: 2F 1-1: Ball 2-1: Ball 3-1: DOUBLE (Groundball, 5L)
|
Batting: RHB Casey Washington
|
0-0: Ball 1-0: Ball 2-0: Foul Ball, location: 2F 2-1: Swinging Strike 2-2: Ground out 5-3 (Groundball, 5L)
|
Top of the 5th over - 0 run(s), 1 hit(s), 0 error(s), 1 left on base; Northern Virginia 1 - Lone Star 2 |
BOTTOM OF THE 5TH |
Lone Star BC batting - Pitching for Northern Virginia Retrievers : LHP Javier Tares
|
Batting: RHB Bill Kelly
|
0-0: Fly out, F4 (Popup, 34D)
|
Batting: LHB Ray Merrill
|
0-0: Called Strike 0-1: Called Strike 0-2: Ground out 4-3 (Groundball, 4M)
|
Batting: RHB Elvis Larson
|
0-0: Ball 1-0: Called Strike 1-1: Ball 2-1: Swinging Strike 2-2: SINGLE (Groundball, 4MD)
|
Batting: RHB Toshitsugu Sakamoto
|
0-0: Ground out 4-3 (Groundball, 4)
|
Bottom of the 5th over - 0 run(s), 1 hit(s), 0 error(s), 1 left on base; Northern Virginia 1 - Lone Star 2 |
TOP OF THE 6TH |
Northern Virginia Retrievers batting - Pitching for Lone Star BC : RHP Bill Kelly
|
Batting: LHB Harlan Price
|
0-0: Foul Ball, location: 2F 0-1: Ball 1-1: SOLO HOME RUN (Flyball, 89XD), Distance : 376 ft
|
Batting: RHB Donald Stanley
|
0-0: Swinging Strike 0-1: Foul Ball, location: 2F 0-2: Strikes out looking
|
Batting: LHB Javier Tares
|
0-0: Called Strike 0-1: Ball 1-1: Ball 2-1: Foul Ball, location: 2F 2-2: Strikes out looking
|
Batting: LHB Ye Der
|
0-0: Called Strike 0-1: Called Strike 0-2: Ball 1-2: Fly out, F7 (Flyball, 7LD)
|
Top of the 6th over - 1 run(s), 1 hit(s), 0 error(s), 0 left on base; Northern Virginia 2 - Lone Star 2 |
BOTTOM OF THE 6TH |
Lone Star BC batting - Pitching for Northern Virginia Retrievers : LHP Javier Tares
|
Batting: SHB Matt Morris
|
0-0: Called Strike 0-1: Ball 1-1: Ball 2-1: SINGLE (Groundball, 56)
|
Batting: RHB José Rodríguez
|
0-0: Called Strike 0-1: Ball 1-1: Called Strike 1-2: Ball 2-2: Grounds into double play, 1-4-3 (Groundball, 13S)
|
Batting: RHB Henry Potts
|
0-0: Called Strike 0-1: Called Strike 0-2: Ball 1-2: Ball 2-2: Ball 3-2: Ground out 6-3 (Groundball, 56)
|
Bottom of the 6th over - 0 run(s), 1 hit(s), 0 error(s), 0 left on base; Northern Virginia 2 - Lone Star 2 |
TOP OF THE 7TH |
Northern Virginia Retrievers batting - Pitching for Lone Star BC : RHP Bill Kelly
|
Batting: RHB Shi-young Chang
|
0-0: Ground out 1-3 (Groundball, 13)
|
Pinch Hitting: LHB Roberto Salazar
|
0-0: Swinging Strike 0-1: Ball 1-1: Ball 2-1: Swinging Strike 2-2: Strikes out swinging
|
Batting: RHB Manuel Romo
|
0-0: Ball 1-0: Ball 2-0: Ball 3-0: Base on Balls
|
Pitching: LHP Reginald Gray
|
|
Now at 2B: Jack Bell
|
|
Batting: RHB Ben Ross
|
0-0: Ball 1-0: Ball 2-0: Ball 3-0: Swinging Strike 3-1: Base on Balls Manuel Romo to second
|
Batting: RHB Casey Washington
|
0-0: Ball 1-0: Swinging Strike 1-1: SINGLE (Line Drive, 7S) Manuel Romo to third Ben Ross to second Runner from 3rd tries for Home, SAFE, no throw or cutoff
|
Pinch Hitting: RHB Micheal Murdoch
|
0-0: Ball 1-0: Called Strike 1-1: Fly out, F8 (Line Drive, 8LXD)
|
Top of the 7th over - 1 run(s), 1 hit(s), 0 error(s), 2 left on base; Northern Virginia 3 - Lone Star 2 |
BOTTOM OF THE 7TH |
Lone Star BC batting - Pitching for Northern Virginia Retrievers : LHP Javier Tares
|
Now at SS: Carlos Vázquez
|
|
Now in CF: Roberto Salazar
|
|
Batting: LHB Jeff Sharp
|
0-0: Ball 1-0: Called Strike 1-1: Foul Ball, location: 2F 1-2: Ball 2-2: Fly out, F6 (Popup, 5DF)
|
Batting: RHB Thomas Dunlap
|
0-0: Fly out, F9 (Flyball, 9M)
|
Batting: SHB Jack Bell
|
0-0: Called Strike 0-1: Swinging Strike 0-2: Ball 1-2: Ball 2-2: SINGLE (Groundball, 4M)
|
Pitching: RHP Michael Fletcher
|
|
Now at 3B: Christian O'Dell
|
|
Batting: LHB Ray Merrill
|
0-0: Foul Ball, location: 2F 0-1: Foul Ball, location: 2F 0-2: Ball 1-2: Ground out U3 (Groundball, 3)
|
Bottom of the 7th over - 0 run(s), 1 hit(s), 0 error(s), 1 left on base; Northern Virginia 3 - Lone Star 2 |
TOP OF THE 8TH |
Northern Virginia Retrievers batting - Pitching for Lone Star BC : LHP Reginald Gray
|
Batting: RHB Donald Stanley
|
0-0: Called Strike 0-1: Ball 1-1: Ball 2-1: Foul Ball, location: 2F 2-2: Foul Ball, location: 2F 2-2: SINGLE (Line Drive, 6MD)
|
Batting: RHB Christian O'Dell
|
0-0: Fly out, F5 (Line Drive, 5)
|
Pinch Hitting: RHB Don Brown
|
0-0: Called Strike 0-1: Foul Ball, location: 2F 0-2: Strikes out swinging
|
Batting: RHB Shi-young Chang
|
0-0: Ball Donald Stanley steals 2nd base 1-0: Ball 2-0: Ball 3-0: Called Strike 3-1: Foul Ball, location: 2F 3-2: Base on Balls
|
Batting: LHB Roberto Salazar
|
0-0: Fly out, F9 (Flyball, 9D)
|
Top of the 8th over - 0 run(s), 1 hit(s), 0 error(s), 2 left on base; Northern Virginia 3 - Lone Star 2 |
BOTTOM OF THE 8TH |
Lone Star BC batting - Pitching for Northern Virginia Retrievers : RHP Michael Fletcher
|
Pitching: LHP Manuel Garza
|
|
Now in LF: Jesús Pérez
|
|
Now in RF: Don Brown
|
|
Pinch Hitting: LHB Ramón Hernández
|
0-0: Foul Ball, location: 2F 0-1: Ball 1-1: Ball 2-1: Ball 3-1: Base on Balls
|
Pitching: RHP Jud White
|
|
Batting: RHB Toshitsugu Sakamoto
|
0-0: Ball 1-0: Ball 2-0: Called Strike 2-1: Foul Ball, location: 2F 2-2: Ball 3-2: Reached on error, E5 (Groundball, 5S) Ramón Hernández to third
|
Batting: SHB Matt Morris
|
0-0: Called Strike 0-1: Called Strike 0-2: Ball 1-2: 3-RUN HOME RUN (Line Drive, 7LS), Distance : 349 ft
|
Batting: RHB José Rodríguez
|
0-0: Ball 1-0: Called Strike 1-1: Swinging Strike 1-2: Ball 2-2: Foul Ball, location: 2F 2-2: Ball 3-2: Foul Ball, location: 2F 3-2: Strikes out looking
|
Batting: RHB Henry Potts
|
0-0: Ball 1-0: Ball 2-0: Ball 3-0: Called Strike 3-1: Ground out 4-3 (Groundball, 4M)
|
Batting: LHB Jeff Sharp
|
0-0: Called Strike 0-1: Ball 1-1: Ground out 4-3 (Groundball, 4)
|
Bottom of the 8th over - 3 run(s), 1 hit(s), 1 error(s), 0 left on base; Northern Virginia 3 - Lone Star 5 |
TOP OF THE 9TH |
Northern Virginia Retrievers batting - Pitching for Lone Star BC : LHP Reginald Gray
|
Pitching: RHP Zak Glass
|
|
Now at C: Ricardo Nieto
|
|
Batting: RHB Manuel Romo
|
0-0: Ball 1-0: Ball 2-0: Ground out 5-3 (Groundball, 5)
|
Batting: RHB Ben Ross
|
0-0: Ball 1-0: Ground out 5-3 (Groundball, 5)
|
Batting: LHB Jesús Pérez
|
0-0: Fly out, F7 (Line Drive, 7M)
|
Top of the 9th over - 0 run(s), 0 hit(s), 0 error(s), 0 left on base; Northern Virginia 3 - Lone Star 5 |
|